 Dungeon Crawl Stone Soup version 0.22.0-75-g3901e79 (webtiles) character file.

209 maniek23 the Charlatan (level 5, -1/25 HPs)
             Began as a Spriggan Artificer on Sept 15, 2018.
             Slain by an orc wizard
             ... wielding a +2 dagger of flaming
              (5 damage)
             ... on level 4 of the Dungeon.
             The game lasted 00:14:21 (4523 turns).

maniek23 the Charlatan (Spriggan Artificer)         Turns: 4523, Time: 00:14:21

Health: -1/25      AC:  2    Str:  8    XL:     5   Next: 55%
Magic:  9/9        EV: 19    Int: 13    God:
Gold:   113        SH:  0    Dex: 17    Spells: 4/4 levels left

rFire    . . .     SeeInvis +   a - +0 short sword
rCold    . . .     Gourm    .   (shield restricted)
rNeg     . . .     Faith    .   h - +0 robe
rPois    .         Spirit   .   (helmet restricted)
rElec    .         Reflect  .   (no cloak)
rCorr    .         Harm     .   (gloves unavailable)
MR       .....                  (boots unavailable)
Stlth    +++.......             (no amulet)
HPRegen  0.08/turn              (no ring)
MPRegen  0.11/turn              (no ring)

@: very quick
A: very small, unfitting armour, see invisible, herbivore, speed 3, slow
metabolism 2
a: no special abilities


You were on level 4 of the Dungeon.
You were not hungry.

You visited 1 branch of the dungeon, and saw 4 of its levels.

You collected 113 gold pieces.

Inventory:

Hand Weapons
 a - a +0 short sword (weapon)
 b - a +0 hunting sling
 t - a +0 whip
Missiles
 o - 23 stones (quivered)
Armour
 h - a +0 robe (worn)
 u - a +0 robe
Wands
 c - a wand of flame (3)
 d - a wand of enslavement (10)
 e - a wand of random effects (6)
Scrolls
 g - 2 scrolls of fog
 j - a scroll of magic mapping
 k - 2 scrolls of remove curse
 l - a scroll of identify
 n - 2 scrolls of teleportation
 q - a scroll of blinking
 r - a scroll of random uselessness
 s - 2 scrolls of immolation {unknown}
Potions
 i - 2 potions of might
 m - a potion of lignification {unknown}
 p - 2 potions of resistance {unknown}
 v - a potion of heal wounds {unknown}
Comestibles
 f - 6 rations


   Skills:
 + Level 1.1 Fighting
 + Level 2.6 Short Blades
 * Level 2.6 Slings
 + Level 4.1 Dodging
 * Level 4.5 Stealth
 + Level 5.1 Evocations


You had 4 spell levels left.
You didn't know any spells.
Your spell library was empty.

Dungeon Overview and Level Annotations

Branches:
Dungeon (4/15)
 Temple: D:4-7

Altars:
Cheibriados
Makhleb
Xom


Innate Abilities, Weirdness & Mutations

You are very small and have problems with some larger weapons.
You are too small for most types of armour.
You have supernaturally acute eyesight. (SInv)
You are a herbivore.
You cover ground extremely quickly.
You need to consume almost no food.


Message History

You hit the orc wizard.
The orc wizard is lightly wounded.
The orc wizard gestures at you while chanting.
The magic dart hits you!
You hit the orc wizard but do no damage.
The orc wizard is lightly wounded.
The orc wizard hits you with a dagger of flaming.
* * * LOW HITPOINT WARNING * * *
The orc wizard burns you.
* * * LOW HITPOINT WARNING * * *
You barely miss the orc wizard.
The orc wizard is lightly wounded.
The orc wizard completely misses you.
You hit the orc wizard but do no damage.
The orc wizard is lightly wounded.
The orc wizard misses you.
You closely miss the orc wizard.
The orc wizard is lightly wounded.
The orc wizard hits you with a dagger of flaming.
You die...

. #... ...# #..# .# o
#..# #..#####.(## #.##
. #..# #......(<..
..... . #..#
#......#..####.#.#
(##..#
#...##.#.........#
..((.###...##.#(......#
.....)[)...##...(.....#
.....##)(.(...##o#.##.#
.....##....#####@#.#
...............###.#
.#.#####.#.###.###.#
.#.. #.....†.......#
.........###.#.##.##
.#..####.....#.##.# .
#.###.#.##.# #..
#.#.##.# #. #.#.##.#


You could see an orc wizard.

Vanquished Creatures
  A hound (D:3)
  An orc wizard (D:4)
  An orc priest (D:4)
  3 adders (D:2)
  An ooze (D:1)
  An adder skeleton (D:4)
  A worm (D:2)
  3 dart slugs
  3 leopard geckos
  4 orcs
  9 bats
  4 giant cockroaches
  7 goblins
  8 hobgoblins
  6 jackals
  8 kobolds
  A quokka (D:4)
  2 ball pythons
  5 frilled lizards
  6 rats
75 creatures vanquished.

Vanquished Creatures (others)
  A bat (D:1)
  A rat (D:2)
2 creatures vanquished.

Grand Total: 77 creatures vanquished

Notes
Turn   | Place    | Note
-------+----------+-------------------------------------------
     0 | D:1      | maniek23 the Spriggan Artificer began the quest for the
                  | Orb.
     0 | D:1      | Reached XP level 1. HP: 9/9 MP: 4/4
    57 | D:1      | Found a snail-covered altar of Cheibriados.
   255 | D:1      | Reached XP level 2. HP: 5/14 MP: 6/6
   902 | D:1      | Reached XP level 3. HP: 12/17 MP: 7/7
  1801 | D:2      | Reached XP level 4. HP: 1/21 MP: 8/8
  2067 | D:2      | Found a burning altar of Makhleb.
  2067 | D:2      | Found a shimmering altar of Xom.
  2093 | D:2      | Reached skill level 1 in Fighting
  2484 | D:2      | Reached skill level 5 in Evocations
  3349 | D:3      | Reached skill level 1 in Slings
  3519 | D:3      | Found a burning altar of Makhleb.
  3860 | D:4      | Reached XP level 5. HP: 25/25 MP: 9/9
  4062 | D:3      | HP: 1/25 [hound (4)]
  4439 | D:4      | Noticed a slave
  4523 | D:4      | Slain by an orc wizard

Skill      XL: |  1  2  3  4  5 |
---------------+----------------+-----
Stealth        | 2 3 4 |  4.5
Fighting       | 1 |  1.1
Short Blades   | 2 |  2.6
Evocations     | 5 |  5.1
Slings         | 1 2 |  2.6
Dodging        | 4 |  4.1

Action                   |  1- 3 |  4- 6 || total
-------------------------+-------+-------++-------
Melee: Short sword       |   136 |   129 ||   265
 Fire: Hunting sling     |    14 |    43 ||    57
Evoke: Wand              |    14 |    12 ||    26
  Use: Scroll            |     2 |     4 ||     6
       Potion            |     2 |       ||     2
 Stab: Sleeping          |     5 |     5 ||    10
       Confused          |     1 |       ||     1
  Eat: Ration            |       |     1 ||     1
Armor: Robe              |    12 |    13 ||    25
Dodge: Dodged            |   124 |   118 ||   242
